WCHLSIM.com - West Coast Hockey League
html PUBLIC "-//W3C//DTD XHTML 1.0 Transitional//EN" "http://www.w3.org/TR/xhtml1/DTD/xhtml1-transitional.dtd"> WCHL - Game 703 - SEATTLE GRUNGE vs SAN FRANCISCO SPIDERS

SEATTLE GRUNGE vs SAN FRANCISCO SPIDERS

Created - 25 février 2021 at 23:06

Goals
1 2 3 T
SEATTLE GRUNGE 2 2 0 4
SAN FRANCISCO SPIDERS 0 0 1 1
Shots
1 2 3 T
SEATTLE GRUNGE 8 15 3 26
SAN FRANCISCO SPIDERS 10 7 3 20

1st period

1. SEATTLE GRUNGE , Josh Bailey 11 (Chris Tierney 14, Carl Hagelin 10) at 4:51 (PP)
2. SEATTLE GRUNGE , Chris Tierney 8 (Josh Bailey 26) at 6:08

Penalties :
Tyler Seguin (SEA) for Holding (Minor) at 0:20, Michael Stone (SAF) for Hooking (Minor) at 3:49, Milan Lucic (SAF) for Holding (Minor) at 15:03, Slater Koekkoek (SEA) for Interference (Minor) at 15:03, Alexander Kerfoot (SAF) for Interference (Minor) at 19:23

2nd period

3. SEATTLE GRUNGE , Jake Guentzel 15 (Roman Josi 31, Damon Severson 19) at 2:24 (PP)
4. SEATTLE GRUNGE , Mike Hoffman 20 (Jake Guentzel 20) at 15:07

Penalties :
Michael Stone (SAF) for Tripping (Minor) at 2:00, Eric Robinson (SAF) for Hooking (Minor) at 6:54, Alexander Kerfoot (SAF) for Delaying the game (Minor) at 12:25

3rd period

5. SAN FRANCISCO SPIDERS , Andrei Svechnikov 22 (Danton Heinen 15) at 0:16

Penalties :
No Penalty

Goalie Stats

Semyon Varlamov (SEA), 19 saves from 20 shots - (0,950), W, 17-15-5, 60:00 minutes
Jake Kielly (SAF), 22 saves from 26 shots - (0,846), L, 0-3-0, 60:00 minutes

Players Stats for SEATTLE GRUNGE

Player Name              G  A  P  +/- PIM S  H  SB GA TA FO     MP     PP MP  PK MP  
------------------------------------------------------------------------------------
Carl Hagelin             0  1  1   0  0   2  0  0  0  0  2/2    20:20   4:09   1:00 
Chris Tierney            1  1  2   0  0   3  3  0  0  0  17/23  20:06   4:09   0:00 
Damon Severson           0  1  1   0  0   3  1  1  0  0  0/0    24:05   4:19   1:00 
David Savard             0  0  0  -1  0   0  0  0  0  0  0/0    22:24   3:04   0:59 
Jake Guentzel            1  1  2   1  0   7  2  0  0  0  0/0    22:29   3:14   0:00 
Jason Spezza             0  0  0   0  0   0  0  0  0  0  6/11   11:33   0:00   0:59 
Josh Bailey              1  1  2   0  0   4  0  0  0  0  0/1    20:06   4:09   0:00 
Marcus Sorensen          0  0  0   0  0   0  0  0  0  0  0/0     4:52   0:00   0:00 
Matthew Grzelcyk         0  0  0   2  0   0  0  0  0  0  0/0    13:31   0:00   0:00 
Mike Hoffman             1  0  1   1  0   3  0  0  0  0  0/0    21:16   3:14   0:00 
Morgan Geekie            0  0  0   0  0   0  1  0  0  0  8/10    5:52   0:00   1:00 
Roman Josi               0  1  1  -1  0   2  0  0  0  0  0/0    23:51   4:19   0:59 
Slater Koekkoek          0  0  0   2  2   0  1  1  0  0  0/0    13:30   0:00   0:00 
Travis Sanheim           0  0  0   0  0   0  0  2  0  0  0/0    22:38   3:04   1:00 
Trevor Lewis             0  0  0   0  0   0  0  0  0  0  0/0     4:52   0:00   0:00 
Tyler Seguin             0  0  0   1  2   2  3  0  0  0  26/31  22:28   3:14   0:00 
Vladislav Namestnikov    0  0  0   0  0   0  0  0  0  0  0/0    11:33   0:00   0:59 
Wayne Simmonds           0  0  0   0  0   0  1  0  0  0  0/0    10:34   0:00   0:00 

Players Stats for SAN FRANCISCO SPIDERS

Player Name              G  A  P  +/- PIM S  H  SB GA TA FO     MP     PP MP  PK MP  
------------------------------------------------------------------------------------
Alex Chiasson            0  0  0   0  0   0  1  0  0  0  0/1     9:13   0:00   0:00 
Alexander Kerfoot        0  0  0   0  4   1  1  0  0  0  0/2    10:47   0:00   0:00 
Andrei Svechnikov        1  0  1   0  0   6  2  2  0  0  1/2    21:50   1:04   4:25 
Calle Jarnkrok           0  0  0   0  0   1  1  0  0  0  4/9    10:07   0:00   0:06 
Danton Heinen            0  1  1   0  0   1  0  0  0  0  6/30   20:46   1:04   4:25 
Darnell Nurse            0  0  0   0  0   1  2  3  0  0  0/0    21:57   0:59   3:35 
Dominik Kahun            0  0  0   0  0   1  0  0  0  0  0/1    10:01   0:00   0:00 
Dominik Simon            0  0  0   0  0   1  0  0  0  0  0/1    10:01   0:00   0:00 
Eric Robinson            0  0  0  -1  2   2  0  0  0  0  1/1    14:23   0:00   0:00 
Erik Haula               0  0  0   0  0   2  0  0  0  0  6/13   13:29   0:55   2:58 
Jordan Oesterle          0  0  0   0  0   0  1  5  0  0  0/0    20:13   0:00   3:48 
Kirby Dach               0  0  0  -1  0   1  0  0  0  0  1/12   15:42   0:55   0:00 
Michael Stone            0  0  0   0  4   1  6  0  0  0  0/0    19:04   1:00   0:00 
Milan Lucic              0  0  0   0  2   0  4  0  0  0  0/6    18:56   1:04   2:52 
Nate Schmidt             0  0  0   0  0   0  0  0  0  0  0/0    16:17   0:00   0:00 
Nico Sturm               0  0  0  -1  0   0  1  0  0  0  0/0    15:19   0:55   0:00 
Sean Walker              0  0  0  -1  0   0  1  2  0  0  0/0    21:17   1:00   3:48 
Tyler Myers              0  0  0  -1  0   2  3  0  0  0  0/0    21:10   0:59   3:35 

3 Stars

1 - Jake Guentzel (SEA)
2 - Chris Tierney (SEA)
3 - Josh Bailey (SEA)

Power Play

SEATTLE GRUNGE - 2 on 5 Attempt(s) - 40,00%
SAN FRANCISCO SPIDERS - 0 on 1 Attempt(s) - 0,00%

Penalty Kill

SEATTLE GRUNGE - 1 on 1 Attempt(s) - 100,00% - Score 0 goal in Penalty Kill
SAN FRANCISCO SPIDERS - 3 on 5 Attempt(s) - 60,00% - Score 0 goal in Penalty Kill

Team Stat

SEATTLE GRUNGE - Hits : 12 - Faceoff Wins : 59 - Blocked Shots : 4 - Penalty Minutes : 4
SAN FRANCISCO SPIDERS - Hits : 23 - Faceoff Wins : 19 - Blocked Shots : 12 - Penalty Minutes : 12

Official

Referees : Jim Curtin and Justin St. Pierre
Linesman : Ryan Galloway and David Brisebois

Game Notes

No Game Note

Finance

Level 1 -- Attendance: 5335 (87,39%) -- Ticket Income 800 250 $
Level 2 -- Attendance: 4482 (86,53%) -- Ticket Income 448 200 $
Level 3 -- Attendance: 2035 (100,00%) -- Ticket Income 162 800 $
Level 4 -- Attendance: 3624 (86,70%) -- Ticket Income 217 440 $
Luxury Box -- Attendance: 674 (67,40%) -- Ticket Income 202 200 $
Game was played at the Bay Area Sports Center.
Total Attendance: 16150 (87,30%)
Total Ticket Income: 1 830 890 $
Other Expense: 18 309 $
Total Income: 1 812 581 $

SEATTLE GRUNGE

5 vs 5 Forward 
   Center                   Left Wing                Right Wing               Time % Phy DF OF 
 1 Tyler Seguin             Jake Guentzel            Mike Hoffman             37     1   2  2  
 2 Chris Tierney            Josh Bailey              Carl Hagelin             37     1   2  2  
 3 Jason Spezza             Wayne Simmonds           Vladislav Namestnikov    21     1   2  2  
 4 Morgan Geekie            Trevor Lewis             Marcus Sorensen          5      0   3  2  

5 vs 5 Defense 
   Defense                  Defense                                           Time % Phy DF OF 
 1 Roman Josi               David Savard                                      40     1   2  2  
 2 Damon Severson           Travis Sanheim                                    39     1   2  2  
 3 Matthew Grzelcyk         Slater Koekkoek                                   21     1   2  2  
 4 Roman Josi               Damon Severson                                    0      1   2  2  

PowerPlay Forward 
   Center                   Left Wing                Right Wing               Time % Phy DF OF 
 1 Tyler Seguin             Mike Hoffman             Jake Guentzel            50     1   1  3  
 2 Chris Tierney            Josh Bailey              Carl Hagelin             50     1   1  3  

PowerPlay Defense
   Defense                  Defense                                           Time % Phy DF OF 
 1 Roman Josi               Damon Severson                                    55     0   2  3  
 2 David Savard             Travis Sanheim                                    45     0   2  3  

Penalty Kill 4 Players Forward 
   Center                   Wing                     Time % Phy DF OF 
 1 Morgan Geekie            Carl Hagelin             55     1   4  0  
 2 Jason Spezza             Vladislav Namestnikov    45     1   4  0  

Penalty Kill 4 Players Defense
   Defense                  Defense                  Time % Phy DF OF 
 1 Roman Josi               David Savard             55     1   3  1  
 2 Damon Severson           Travis Sanheim           45     1   3  1  

Penalty Kill - 3 Players Forward 
   Forward                                           Time % Phy DF OF 
 1 Chris Tierney                                     55     0   5  0  
 2 Morgan Geekie                                     45     0   5  0  

Penalty Kill - 3 Players Defense
   Defense                  Defense                  Time % Phy DF OF 
 1 Roman Josi               Damon Severson           55     1   4  0  
 2 David Savard             Travis Sanheim           45     1   4  0  

4 vs 4 Forward 
   Center                   Wing                     Time % Phy DF OF 
 1 Tyler Seguin             Jake Guentzel            55     1   2  2  
 2 Chris Tierney            Josh Bailey              45     1   2  2  

4 vs 4 Defense
   Defense                  Defense                  Time % Phy DF OF 
 1 Roman Josi               David Savard             55     1   2  2  
 2 Damon Severson           Travis Sanheim           45     1   2  2  

Last Minutes Offensive
   Center                   Left Wing                Right Wing               Defense                  Defense                  
   Tyler Seguin             Jake Guentzel            Mike Hoffman             Roman Josi               Damon Severson           

Last Minutes Defensive
   Center                   Left Wing                Right Wing               Defense                  Defense                  
   Chris Tierney            Carl Hagelin             Jake Guentzel            Roman Josi               Damon Severson           

Goaltenders
Starting : Semyon Varlamov          
Backup : Jimmy Howard             

Extra Forwards
Normal : Tyler Seguin, Jake Guentzel, Mike Hoffman - PP : Tyler Seguin, Jake Guentzel - PK : Carl Hagelin
Extra Defensemen
Normal : Matthew Grzelcyk, Slater Koekkoek, Damon Severson - PP : Matthew Grzelcyk - PK : Slater Koekkoek, Damon Severson
Penalty Shots
Jake Guentzel, Mike Hoffman, Josh Bailey, Chris Tierney, Tyler Seguin
Custom OT Lines Forwards
Mike Hoffman, Jake Guentzel, Josh Bailey, Tyler Seguin, Vladislav Namestnikov, Chris Tierney, Morgan Geekie, Wayne Simmonds, Carl Hagelin, Jason Spezza
Custom OT Lines Defensemen
Roman Josi, David Savard, Damon Severson, Travis Sanheim, Matthew Grzelcyk

Scratches
Brian Boyle (Sprained Right Ankle Injury), Justin Schultz (Healthy), Ryan Reaves (Healthy)

SAN FRANCISCO SPIDERS

5 vs 5 Forward 
   Center                   Left Wing                Right Wing               Time % Phy DF OF 
 1 Danton Heinen            Milan Lucic              Andrei Svechnikov        30     0   0  5  
 2 Kirby Dach               Eric Robinson            Nico Sturm               30     0   0  5  
 3 Calle Jarnkrok           Dominik Kahun            Dominik Simon            20     0   0  5  
 4 Erik Haula               Alexander Kerfoot        Alex Chiasson            20     0   0  5  

5 vs 5 Defense 
   Defense                  Defense                                           Time % Phy DF OF 
 1 Jordan Oesterle          Michael Stone                                     34     0   5  0  
 2 Tyler Myers              Sean Walker                                       33     0   5  0  
 3 Nate Schmidt             Darnell Nurse                                     32     0   5  0  
 4 Darnell Nurse            Tyler Myers                                       1      0   5  0  

PowerPlay Forward 
   Center                   Left Wing                Right Wing               Time % Phy DF OF 
 1 Danton Heinen            Milan Lucic              Andrei Svechnikov        55     0   1  4  
 2 Erik Haula               Kirby Dach               Nico Sturm               45     0   1  4  

PowerPlay Defense
   Defense                  Defense                                           Time % Phy DF OF 
 1 Michael Stone            Sean Walker                                       55     0   3  2  
 2 Darnell Nurse            Tyler Myers                                       45     0   3  2  

Penalty Kill 4 Players Forward 
   Center                   Wing                     Time % Phy DF OF 
 1 Danton Heinen            Andrei Svechnikov        55     0   4  1  
 2 Milan Lucic              Erik Haula               45     0   4  1  

Penalty Kill 4 Players Defense
   Defense                  Defense                  Time % Phy DF OF 
 1 Jordan Oesterle          Sean Walker              55     0   5  0  
 2 Darnell Nurse            Tyler Myers              45     0   5  0  

Penalty Kill - 3 Players Forward 
   Forward                                           Time % Phy DF OF 
 1 Erik Haula                                        55     0   5  0  
 2 Andrei Svechnikov                                 45     0   5  0  

Penalty Kill - 3 Players Defense
   Defense                  Defense                  Time % Phy DF OF 
 1 Sean Walker              Jordan Oesterle          55     0   5  0  
 2 Darnell Nurse            Tyler Myers              45     0   5  0  

4 vs 4 Forward 
   Center                   Wing                     Time % Phy DF OF 
 1 Milan Lucic              Andrei Svechnikov        55     1   1  3  
 2 Kirby Dach               Erik Haula               45     1   1  3  

4 vs 4 Defense
   Defense                  Defense                  Time % Phy DF OF 
 1 Michael Stone            Sean Walker              55     1   3  1  
 2 Tyler Myers              Darnell Nurse            45     0   5  0  

Last Minutes Offensive
   Center                   Left Wing                Right Wing               Defense                  Defense                  
   Erik Haula               Eric Robinson            Andrei Svechnikov        Tyler Myers              Michael Stone            

Last Minutes Defensive
   Center                   Left Wing                Right Wing               Defense                  Defense                  
   Erik Haula               Eric Robinson            Andrei Svechnikov        Tyler Myers              Michael Stone            

Goaltenders
Starting : Jake Kielly              
Backup : Collin Delia             

Extra Forwards
Normal : Kirby Dach, Nico Sturm, Danton Heinen - PP : Kirby Dach, Nico Sturm - PK : Danton Heinen
Extra Defensemen
Normal : Sean Walker, Darnell Nurse, Tyler Myers - PP : Tyler Myers - PK : Tyler Myers, Darnell Nurse
Penalty Shots
Danton Heinen, Andrei Svechnikov, Nico Sturm, Erik Haula, Milan Lucic
Custom OT Lines Forwards
Eric Robinson, Andrei Svechnikov, Nico Sturm, Erik Haula, Milan Lucic, Calle Jarnkrok, Danton Heinen, Dominik Kahun, Alexander Kerfoot, Kirby Dach
Custom OT Lines Defensemen
Tyler Myers, Darnell Nurse, Jordan Oesterle, Sean Walker, Nate Schmidt

Scratches
Michael Anderson (Right Foot Injury), Igor Shesterkin (Back Injury), Malcolm Subban (Strained Groin Injury)

% Time on Ice - SEATTLE GRUNGE

Lines # - Real PCT - Wanted PCT - Time Play
Normal Forward
1 - 37% - 37% - 18:02
2 - 31% - 37% - 15:11
3 - 22% - 21% - 10:34
4 - 10% - 5% - 4:52
Normal Defense
1 - 35% - 40% - 17:08
2 - 37% - 39% - 17:48
3 - 28% - 21% - 13:31
4 - 0% - 0% - 0:12
PP Forward
1 - 44% - 50% - 3:14
2 - 56% - 50% - 4:09
PP Defense
1 - 58% - 55% - 4:19
2 - 42% - 45% - 3:04
PK Forward
1 - 50% - 55% - 1:00
2 - 50% - 45% - 0:59
PK Defense
1 - 50% - 55% - 0:59
2 - 50% - 45% - 1:00
PK3 Forward
1 - 0% - 55%
2 - 0% - 45%
PK3 Defense
1 - 0% - 55%
2 - 0% - 45%
44 Forward
1 - 61% - 55% - 1:13
2 - 39% - 45% - 0:46
44 Defense
1 - 61% - 55% - 1:13
2 - 39% - 45% - 0:46
Last Minute Offensive  - 0:00
Last Minute Defensive  - 0:00
Total
Forward - 60:00
Defense - 60:00

% Time on Ice - SAN FRANCISCO SPIDERS

Lines # - Real PCT - Wanted PCT - Time Play
Normal Forward
1 - 31% - 30% - 15:01
2 - 30% - 30% - 14:24
3 - 21% - 20% - 10:01
4 - 19% - 20% - 9:13
Normal Defense
1 - 34% - 34% - 16:46
2 - 31% - 33% - 15:09
3 - 33% - 32% - 15:56
4 - 2% - 1% - 0:48
PP Forward
1 - 54% - 55% - 1:04
2 - 46% - 45% - 0:55
PP Defense
1 - 50% - 55% - 1:00
2 - 50% - 45% - 0:59
PK Forward
1 - 60% - 55% - 4:25
2 - 40% - 45% - 2:58
PK Defense
1 - 51% - 55% - 3:48
2 - 49% - 45% - 3:35
PK3 Forward
1 - 0% - 55%
2 - 0% - 45%
PK3 Defense
1 - 0% - 55%
2 - 0% - 45%
44 Forward
1 - 81% - 55% - 1:36
2 - 19% - 45% - 0:23
44 Defense
1 - 67% - 55% - 1:20
2 - 33% - 45% - 0:39
Last Minute Offensive  - 0:00
Last Minute Defensive  - 0:00
Total
Forward - 60:00
Defense - 60:00

Play-by-Play

1st period


0:01 of 1st period - Tyler Seguin wins face-off versus Danton Heinen in neutral zone.
0:20 of 1st period - Minor Penalty to Tyler Seguin for Holding.
0:21 of 1st period - Erik Haula wins face-off versus Morgan Geekie in SEATTLE GRUNGE zone.
0:28 of 1st period - Shot by Kirby Dach.
0:28 of 1st period - Stopped by Semyon Varlamov with a rebound.
0:30 of 1st period - Shot by Tyler Myers.
0:30 of 1st period - Shot Blocked by Damon Severson.
0:32 of 1st period - Shot by Tyler Myers.
0:32 of 1st period - Stopped by Semyon Varlamov without a rebound.
0:33 of 1st period - Jason Spezza wins face-off versus Danton Heinen in SEATTLE GRUNGE zone.
0:33 of 1st period - Jason Spezza is hit by Andrei Svechnikov.
0:50 of 1st period - Icing by Andrei Svechnikov.
0:51 of 1st period - Carl Hagelin wins face-off versus Danton Heinen in SAN FRANCISCO SPIDERS zone.
1:12 of 1st period - Shot by Andrei Svechnikov.
1:12 of 1st period - Stopped by Semyon Varlamov without a rebound.
1:13 of 1st period - Morgan Geekie wins face-off versus Erik Haula in SEATTLE GRUNGE zone.
1:53 of 1st period - Shot by Erik Haula.
1:53 of 1st period - Stopped by Semyon Varlamov with a rebound.
1:55 of 1st period - Shot by Tyler Myers.
1:55 of 1st period - Stopped by Semyon Varlamov without a rebound.
1:56 of 1st period - Danton Heinen wins face-off versus Jason Spezza in SEATTLE GRUNGE zone.
2:11 of 1st period - Shot by Andrei Svechnikov.
2:11 of 1st period - Shot Misses the Net.
2:13 of 1st period - Shot by Sean Walker.
2:13 of 1st period - Shot Misses the Net.
2:15 of 1st period - Shot by Andrei Svechnikov.
2:15 of 1st period - Stopped by Semyon Varlamov without a rebound.
2:16 of 1st period - Morgan Geekie wins face-off versus Danton Heinen in SEATTLE GRUNGE zone.
2:16 of 1st period - Morgan Geekie is hit by Andrei Svechnikov.
2:49 of 1st period - Shot by Dominik Simon.
2:49 of 1st period - Stopped by Semyon Varlamov without a rebound.
2:50 of 1st period - Chris Tierney wins face-off versus Kirby Dach in SEATTLE GRUNGE zone.
3:49 of 1st period - Minor Penalty to Michael Stone for Hooking.
3:50 of 1st period - Tyler Seguin wins face-off versus Danton Heinen in SAN FRANCISCO SPIDERS zone.
3:51 of 1st period - Shot by Roman Josi.
3:51 of 1st period - Shot Misses the Net.
4:04 of 1st period - Icing by Tyler Seguin.
4:05 of 1st period - Tyler Seguin wins face-off versus Danton Heinen in SEATTLE GRUNGE zone.
4:37 of 1st period - Shot by Roman Josi.
4:37 of 1st period - Stopped by Jake Kielly without a rebound.
4:38 of 1st period - Chris Tierney wins face-off versus Milan Lucic in SAN FRANCISCO SPIDERS zone.
4:51 of 1st period - Shot by Josh Bailey.
4:51 of 1st period - Goal by Josh Bailey - SEATTLE GRUNGE : 1 - SAN FRANCISCO SPIDERS : 0.
4:52 of 1st period - Jason Spezza wins face-off versus Kirby Dach in neutral zone.
4:54 of 1st period - Off-side.
4:55 of 1st period - Tyler Seguin wins face-off versus Erik Haula in neutral zone.
4:59 of 1st period - Icing by Nate Schmidt.
5:00 of 1st period - Tyler Seguin wins face-off versus Alex Chiasson in SAN FRANCISCO SPIDERS zone.
5:08 of 1st period - Off-side.
5:09 of 1st period - Danton Heinen wins face-off versus Chris Tierney in neutral zone.
5:11 of 1st period - Off-side.
5:12 of 1st period - Jason Spezza wins face-off versus Danton Heinen in neutral zone.
6:08 of 1st period - Shot by Chris Tierney.
6:08 of 1st period - Goal by Chris Tierney - SEATTLE GRUNGE : 2 - SAN FRANCISCO SPIDERS : 0.
6:09 of 1st period - Tyler Seguin wins face-off versus Kirby Dach in neutral zone.
6:22 of 1st period - Shot by Roman Josi.
6:22 of 1st period - Shot Misses the Net.
6:42 of 1st period - Icing by Tyler Myers.
6:43 of 1st period - Chris Tierney wins face-off versus Kirby Dach in SAN FRANCISCO SPIDERS zone.
7:37 of 1st period - Icing by Darnell Nurse.
7:38 of 1st period - Erik Haula wins face-off versus Tyler Seguin in SAN FRANCISCO SPIDERS zone.
7:38 of 1st period - Alexander Kerfoot is hit by Tyler Seguin and loses puck.
8:11 of 1st period - Darnell Nurse is hit by Jake Guentzel.
8:37 of 1st period - Shot by Calle Jarnkrok.
8:37 of 1st period - Stopped by Semyon Varlamov without a rebound.
8:38 of 1st period - Jason Spezza wins face-off versus Milan Lucic in SEATTLE GRUNGE zone.
8:38 of 1st period - Jason Spezza is hit by Milan Lucic.
8:43 of 1st period - Roman Josi is hit by Tyler Myers and loses puck.
8:49 of 1st period - Vladislav Namestnikov is hit by Tyler Myers and loses puck.
9:00 of 1st period - Shot by Vladislav Namestnikov.
9:00 of 1st period - Deflect By Jason Spezza.
9:00 of 1st period - Shot Misses the Net.
9:49 of 1st period - Shot by Josh Bailey.
9:49 of 1st period - Shot Misses the Net.
9:51 of 1st period - Shot by Carl Hagelin.
9:51 of 1st period - Shot Blocked by Jordan Oesterle.
9:59 of 1st period - Shot by Josh Bailey.
9:59 of 1st period - Shot Misses the Net.
10:01 of 1st period - Shot by Carl Hagelin.
10:01 of 1st period - Stopped by Jake Kielly without a rebound.
10:02 of 1st period - Tyler Seguin wins face-off versus Kirby Dach in SAN FRANCISCO SPIDERS zone.
10:17 of 1st period - Shot by Tyler Seguin.
10:17 of 1st period - Deflect By Jake Guentzel.
10:17 of 1st period - Stopped by Jake Kielly without a rebound.
10:18 of 1st period - Morgan Geekie wins face-off versus Calle Jarnkrok in SAN FRANCISCO SPIDERS zone.
11:04 of 1st period - Michael Stone is hit by Morgan Geekie and loses puck.
12:00 of 1st period - Shot by Eric Robinson.
12:00 of 1st period - Stopped by Semyon Varlamov without a rebound.
12:01 of 1st period - Erik Haula wins face-off versus Tyler Seguin in SEATTLE GRUNGE zone.
12:09 of 1st period - Shot by Alex Chiasson.
12:09 of 1st period - Shot Misses the Net.
12:40 of 1st period - Shot by Erik Haula.
12:40 of 1st period - Stopped by Semyon Varlamov without a rebound.
12:41 of 1st period - Jason Spezza wins face-off versus Danton Heinen in SEATTLE GRUNGE zone.
12:41 of 1st period - Jason Spezza is hit by Milan Lucic.
12:46 of 1st period - Icing by Roman Josi.
12:47 of 1st period - Eric Robinson wins face-off versus Jason Spezza in SEATTLE GRUNGE zone.
14:07 of 1st period - Darnell Nurse is hit by Chris Tierney.
14:37 of 1st period - Jake Guentzel is hit by Milan Lucic and loses puck.
15:03 of 1st period - Minor Penalty to Milan Lucic for Holding.
15:03 of 1st period - Minor Penalty to Slater Koekkoek for Interference.
15:04 of 1st period - Tyler Seguin wins face-off versus Alexander Kerfoot in SEATTLE GRUNGE zone.
16:03 of 1st period - Icing by Sean Walker.
16:04 of 1st period - Chris Tierney wins face-off versus Alexander Kerfoot in SAN FRANCISCO SPIDERS zone.
16:07 of 1st period - Shot by Josh Bailey.
16:07 of 1st period - Shot Misses the Net.
16:29 of 1st period - Shot by Chris Tierney.
16:29 of 1st period - Stopped by Jake Kielly without a rebound.
16:30 of 1st period - Chris Tierney wins face-off versus Kirby Dach in SAN FRANCISCO SPIDERS zone.
16:31 of 1st period - Shot by Josh Bailey.
16:31 of 1st period - Shot Misses the Net.
16:37 of 1st period - Shot by Chris Tierney.
16:37 of 1st period - Shot Misses the Net.
16:46 of 1st period - Shot by Josh Bailey.
16:46 of 1st period - Deflect By Chris Tierney.
16:46 of 1st period - Stopped by Jake Kielly without a rebound.
16:47 of 1st period - Danton Heinen wins face-off versus Tyler Seguin in SAN FRANCISCO SPIDERS zone.
17:37 of 1st period - Shot by Dominik Simon.
17:37 of 1st period - Shot Misses the Net.
18:14 of 1st period - Icing by Roman Josi.
18:15 of 1st period - Chris Tierney wins face-off versus Danton Heinen in SEATTLE GRUNGE zone.
18:41 of 1st period - Icing by Sean Walker.
18:42 of 1st period - Tyler Seguin wins face-off versus Danton Heinen in SAN FRANCISCO SPIDERS zone.
19:13 of 1st period - Jake Guentzel is hit by Michael Stone and loses puck.
19:23 of 1st period - Minor Penalty to Alexander Kerfoot for Interference.
19:24 of 1st period - Danton Heinen wins face-off versus Chris Tierney in SAN FRANCISCO SPIDERS zone.
19:39 of 1st period - Sean Walker is hit by Chris Tierney and loses puck.
19:56 of 1st period - Shot by Roman Josi.
19:56 of 1st period - Stopped by Jake Kielly without a rebound.
19:57 of 1st period - Tyler Seguin wins face-off versus Danton Heinen in SAN FRANCISCO SPIDERS zone.
Goals for this period are 2 for SEATTLE GRUNGE vs 0 for SAN FRANCISCO SPIDERS.
Shots for this period are 8 for SEATTLE GRUNGE vs 10 for SAN FRANCISCO SPIDERS.

2nd period


0:01 of 2nd period - Chris Tierney wins face-off versus Danton Heinen in neutral zone.
0:10 of 2nd period - Shot by Chris Tierney.
0:10 of 2nd period - Shot Misses the Net.
0:34 of 2nd period - Shot by Roman Josi.
0:34 of 2nd period - Shot Blocked by Jordan Oesterle.
0:36 of 2nd period - Shot by Damon Severson.
0:36 of 2nd period - Stopped by Jake Kielly without a rebound.
0:37 of 2nd period - Tyler Seguin wins face-off versus Milan Lucic in SAN FRANCISCO SPIDERS zone.
0:56 of 2nd period - Milan Lucic is hit by Tyler Seguin and loses puck.
1:15 of 2nd period - Shot by Jake Guentzel.
1:15 of 2nd period - Stopped by Jake Kielly without a rebound.
1:16 of 2nd period - Chris Tierney wins face-off versus Danton Heinen in SAN FRANCISCO SPIDERS zone.
1:52 of 2nd period - Off-side.
1:53 of 2nd period - Chris Tierney wins face-off versus Erik Haula in neutral zone.
1:53 of 2nd period - Chris Tierney is hit by Alex Chiasson.
1:56 of 2nd period - Carl Hagelin is hit by Michael Stone and loses puck.
2:00 of 2nd period - Minor Penalty to Michael Stone for Tripping.
2:01 of 2nd period - Tyler Seguin wins face-off versus Danton Heinen in SAN FRANCISCO SPIDERS zone.
2:12 of 2nd period - Shot by Roman Josi.
2:12 of 2nd period - Shot Blocked by Jordan Oesterle.
2:14 of 2nd period - Shot by Damon Severson.
2:14 of 2nd period - Shot Misses the Net.
2:16 of 2nd period - Shot by Tyler Seguin.
2:16 of 2nd period - Stopped by Jake Kielly with a rebound.
2:18 of 2nd period - Shot by Damon Severson.
2:18 of 2nd period - Shot Blocked by Andrei Svechnikov.
2:20 of 2nd period - Shot by Roman Josi.
2:20 of 2nd period - Shot Misses the Net.
2:22 of 2nd period - Shot by Roman Josi.
2:22 of 2nd period - Shot Blocked by Andrei Svechnikov.
2:24 of 2nd period - Shot by Jake Guentzel.
2:24 of 2nd period - Goal by Jake Guentzel - SEATTLE GRUNGE : 3 - SAN FRANCISCO SPIDERS : 0.
2:25 of 2nd period - Erik Haula wins face-off versus Chris Tierney in neutral zone.
2:40 of 2nd period - Shot by Carl Hagelin.
2:40 of 2nd period - Shot Blocked by Darnell Nurse.
2:42 of 2nd period - Shot by Chris Tierney.
2:42 of 2nd period - Deflect By Josh Bailey.
2:42 of 2nd period - Stopped by Jake Kielly with a rebound.
3:36 of 2nd period - Shot by Andrei Svechnikov.
3:36 of 2nd period - Shot Misses the Net.
3:44 of 2nd period - Shot by Danton Heinen.
3:44 of 2nd period - Stopped by Semyon Varlamov without a rebound.
3:45 of 2nd period - Kirby Dach wins face-off versus Jason Spezza in SEATTLE GRUNGE zone.
4:24 of 2nd period - Shot by Eric Robinson.
4:24 of 2nd period - Stopped by Semyon Varlamov without a rebound.
4:25 of 2nd period - Tyler Seguin wins face-off versus Danton Heinen in SEATTLE GRUNGE zone.
5:42 of 2nd period - Shot by Calle Jarnkrok.
5:42 of 2nd period - Shot Misses the Net.
5:50 of 2nd period - Calle Jarnkrok is hit by Chris Tierney and loses puck.
6:54 of 2nd period - Minor Penalty to Eric Robinson for Hooking.
6:55 of 2nd period - Tyler Seguin wins face-off versus Danton Heinen in SAN FRANCISCO SPIDERS zone.
6:55 of 2nd period - Tyler Seguin is hit by Tyler Myers.
7:09 of 2nd period - Shot by Mike Hoffman.
7:09 of 2nd period - Stopped by Jake Kielly with a rebound.
7:19 of 2nd period - Shot by Jake Guentzel.
7:19 of 2nd period - Shot Blocked by Darnell Nurse.
7:21 of 2nd period - Shot by Damon Severson.
7:21 of 2nd period - Stopped by Jake Kielly without a rebound.
7:22 of 2nd period - Chris Tierney wins face-off versus Milan Lucic in SAN FRANCISCO SPIDERS zone.
7:25 of 2nd period - Shot by Josh Bailey.
7:25 of 2nd period - Shot Misses the Net.
7:27 of 2nd period - Shot by Travis Sanheim.
7:27 of 2nd period - Deflect By Josh Bailey.
7:27 of 2nd period - Shot Misses the Net.
7:29 of 2nd period - Shot by Carl Hagelin.
7:29 of 2nd period - Deflect By Josh Bailey.
7:29 of 2nd period - Shot Blocked by Sean Walker.
8:21 of 2nd period - Shot by Andrei Svechnikov.
8:21 of 2nd period - Stopped by Semyon Varlamov with a rebound.
9:02 of 2nd period - Kirby Dach is hit by Slater Koekkoek.
9:12 of 2nd period - Shot by Kirby Dach.
9:12 of 2nd period - Shot Blocked by Slater Koekkoek.
9:14 of 2nd period - Shot by Michael Stone.
9:14 of 2nd period - Stopped by Semyon Varlamov without a rebound.
9:15 of 2nd period - Tyler Seguin wins face-off versus Calle Jarnkrok in SEATTLE GRUNGE zone.
9:26 of 2nd period - Shot by Mike Hoffman.
9:26 of 2nd period - Stopped by Jake Kielly without a rebound.
9:27 of 2nd period - Morgan Geekie wins face-off versus Erik Haula in SAN FRANCISCO SPIDERS zone.
10:17 of 2nd period - Off-side.
10:18 of 2nd period - Tyler Seguin wins face-off versus Danton Heinen in neutral zone.
10:40 of 2nd period - Icing by Michael Stone.
10:41 of 2nd period - Chris Tierney wins face-off versus Danton Heinen in SAN FRANCISCO SPIDERS zone.
10:44 of 2nd period - Shot by Josh Bailey.
10:44 of 2nd period - Stopped by Jake Kielly without a rebound.
10:45 of 2nd period - Chris Tierney wins face-off versus Kirby Dach in SAN FRANCISCO SPIDERS zone.
11:22 of 2nd period - Shot by Darnell Nurse.
11:22 of 2nd period - Stopped by Semyon Varlamov without a rebound.
11:23 of 2nd period - Danton Heinen wins face-off versus Tyler Seguin in SEATTLE GRUNGE zone.
11:56 of 2nd period - Jake Guentzel is hit by Michael Stone and loses puck.
12:01 of 2nd period - Shot by Tyler Seguin.
12:01 of 2nd period - Shot Misses the Net.
12:22 of 2nd period - Icing by Wayne Simmonds.
12:23 of 2nd period - Erik Haula wins face-off versus Jason Spezza in SEATTLE GRUNGE zone.
12:24 of 2nd period - Shot by Alexander Kerfoot.
12:24 of 2nd period - Shot Blocked by Travis Sanheim.
12:25 of 2nd period - Minor Penalty to Alexander Kerfoot for Delaying the game.
12:26 of 2nd period - Calle Jarnkrok wins face-off versus Chris Tierney in SAN FRANCISCO SPIDERS zone.
12:41 of 2nd period - Shot by Damon Severson.
12:41 of 2nd period - Stopped by Jake Kielly without a rebound.
12:42 of 2nd period - Chris Tierney wins face-off versus Milan Lucic in SAN FRANCISCO SPIDERS zone.
12:43 of 2nd period - Shot by Carl Hagelin.
12:43 of 2nd period - Shot Misses the Net.
12:57 of 2nd period - Shot by Chris Tierney.
12:57 of 2nd period - Shot Misses the Net.
12:59 of 2nd period - Shot by David Savard.
12:59 of 2nd period - Shot Misses the Net.
13:20 of 2nd period - Icing by Carl Hagelin.
13:21 of 2nd period - Chris Tierney wins face-off versus Danton Heinen in SEATTLE GRUNGE zone.
13:49 of 2nd period - Icing by Jake Guentzel.
13:50 of 2nd period - Tyler Seguin wins face-off versus Milan Lucic in SEATTLE GRUNGE zone.
13:50 of 2nd period - Tyler Seguin is hit by Milan Lucic.
14:10 of 2nd period - Shot by Jake Guentzel.
14:10 of 2nd period - Stopped by Jake Kielly without a rebound.
14:11 of 2nd period - Chris Tierney wins face-off versus Danton Heinen in SAN FRANCISCO SPIDERS zone.
14:11 of 2nd period - Roman Josi is hit by Darnell Nurse and loses puck.
14:21 of 2nd period - Icing by Josh Bailey.
14:22 of 2nd period - Chris Tierney wins face-off versus Danton Heinen in SEATTLE GRUNGE zone.
14:53 of 2nd period - Jake Guentzel is hit by Nico Sturm and loses puck.
15:00 of 2nd period - Sean Walker is hit by Jake Guentzel and loses puck.
15:07 of 2nd period - Shot by Mike Hoffman.
15:07 of 2nd period - Goal by Mike Hoffman - SEATTLE GRUNGE : 4 - SAN FRANCISCO SPIDERS : 0.
15:08 of 2nd period - Calle Jarnkrok wins face-off versus Josh Bailey in neutral zone.
15:46 of 2nd period - Shot by Dominik Kahun.
15:46 of 2nd period - Stopped by Semyon Varlamov without a rebound.
15:47 of 2nd period - Andrei Svechnikov wins face-off versus Jason Spezza in SEATTLE GRUNGE zone.
15:58 of 2nd period - Shot by Milan Lucic.
15:58 of 2nd period - Shot Misses the Net.
16:18 of 2nd period - Shot by Andrei Svechnikov.
16:18 of 2nd period - Shot Misses the Net.
16:20 of 2nd period - Shot by Andrei Svechnikov.
16:20 of 2nd period - Stopped by Semyon Varlamov without a rebound.
16:21 of 2nd period - Tyler Seguin wins face-off versus Erik Haula in SEATTLE GRUNGE zone.
16:21 of 2nd period - Tyler Seguin is hit by Alexander Kerfoot.
16:32 of 2nd period - Jake Guentzel is hit by Sean Walker and loses puck.
16:51 of 2nd period - Shot by Tyler Seguin.
16:51 of 2nd period - Shot Misses the Net.
17:19 of 2nd period - Shot by Josh Bailey.
17:19 of 2nd period - Stopped by Jake Kielly without a rebound.
17:20 of 2nd period - Carl Hagelin wins face-off versus Danton Heinen in SAN FRANCISCO SPIDERS zone.
18:31 of 2nd period - Shot by Kirby Dach.
18:31 of 2nd period - Shot Misses the Net.
19:11 of 2nd period - Calle Jarnkrok is hit by Damon Severson and loses puck.
19:36 of 2nd period - Shot by Jake Guentzel.
19:36 of 2nd period - Deflect By Tyler Seguin.
19:36 of 2nd period - Stopped by Jake Kielly with a rebound.
19:38 of 2nd period - Shot by Jake Guentzel.
19:38 of 2nd period - Stopped by Jake Kielly without a rebound.
19:39 of 2nd period - Morgan Geekie wins face-off versus Andrei Svechnikov in SAN FRANCISCO SPIDERS zone.
19:57 of 2nd period - Shot by Marcus Sorensen.
19:57 of 2nd period - Shot Blocked by Jordan Oesterle.
Goals for this period are 2 for SEATTLE GRUNGE vs 0 for SAN FRANCISCO SPIDERS.
Shots for this period are 15 for SEATTLE GRUNGE vs 7 for SAN FRANCISCO SPIDERS.

3rd period


0:01 of 3rd period - Danton Heinen wins face-off versus Chris Tierney in neutral zone.
0:06 of 3rd period - Shot by Andrei Svechnikov.
0:06 of 3rd period - Stopped by Semyon Varlamov with a rebound.
0:16 of 3rd period - Shot by Andrei Svechnikov.
0:16 of 3rd period - Goal by Andrei Svechnikov - SEATTLE GRUNGE : 4 - SAN FRANCISCO SPIDERS : 1.
0:17 of 3rd period - Tyler Seguin wins face-off versus Kirby Dach in neutral zone.
0:41 of 3rd period - Shot by Jake Guentzel.
0:41 of 3rd period - Stopped by Jake Kielly without a rebound.
0:42 of 3rd period - Erik Haula wins face-off versus Chris Tierney in SAN FRANCISCO SPIDERS zone.
1:15 of 3rd period - Shot by Erik Haula.
1:15 of 3rd period - Shot Misses the Net.
1:25 of 3rd period - Chris Tierney is hit by Michael Stone and loses puck.
1:51 of 3rd period - Jake Guentzel is hit by Jordan Oesterle and loses puck.
2:05 of 3rd period - Jake Guentzel is hit by Michael Stone and loses puck.
2:13 of 3rd period - Mike Hoffman is hit by Michael Stone.
4:18 of 3rd period - Josh Bailey is hit by Darnell Nurse and loses puck.
4:29 of 3rd period - Shot by Chris Tierney.
4:29 of 3rd period - Shot Misses the Net.
5:01 of 3rd period - Shot by Jake Guentzel.
5:01 of 3rd period - Deflect By Tyler Seguin.
5:01 of 3rd period - Shot Misses the Net.
5:03 of 3rd period - Shot by Tyler Seguin.
5:03 of 3rd period - Shot Misses the Net.
6:04 of 3rd period - Icing by David Savard.
6:05 of 3rd period - Morgan Geekie wins face-off versus Calle Jarnkrok in SEATTLE GRUNGE zone.
6:37 of 3rd period - Icing by Dominik Kahun.
6:38 of 3rd period - Tyler Seguin wins face-off versus Calle Jarnkrok in SAN FRANCISCO SPIDERS zone.
8:27 of 3rd period - Andrei Svechnikov is hit by Wayne Simmonds and loses puck.
9:25 of 3rd period - Shot by Jake Guentzel.
9:25 of 3rd period - Shot Misses the Net.
9:27 of 3rd period - Shot by Jake Guentzel.
9:27 of 3rd period - Deflect By Tyler Seguin.
9:27 of 3rd period - Shot Misses the Net.
9:29 of 3rd period - Shot by Jake Guentzel.
9:29 of 3rd period - Shot Blocked by Jordan Oesterle.
9:31 of 3rd period - Shot by Jake Guentzel.
9:31 of 3rd period - Stopped by Jake Kielly without a rebound.
9:32 of 3rd period - Calle Jarnkrok wins face-off versus Morgan Geekie in SAN FRANCISCO SPIDERS zone.
9:54 of 3rd period - Shot by Morgan Geekie.
9:54 of 3rd period - Shot Blocked by Sean Walker.
9:56 of 3rd period - Shot by Travis Sanheim.
9:56 of 3rd period - Shot Misses the Net.
11:41 of 3rd period - Off-side.
11:42 of 3rd period - Calle Jarnkrok wins face-off versus Tyler Seguin in neutral zone.
12:11 of 3rd period - Shot by Jake Guentzel.
12:11 of 3rd period - Shot Misses the Net.
12:42 of 3rd period - Icing by Calle Jarnkrok.
12:43 of 3rd period - Jason Spezza wins face-off versus Dominik Simon in SAN FRANCISCO SPIDERS zone.
13:05 of 3rd period - Icing by Tyler Myers.
13:06 of 3rd period - Chris Tierney wins face-off versus Kirby Dach in SAN FRANCISCO SPIDERS zone.
13:51 of 3rd period - Shot by Alexander Kerfoot.
13:51 of 3rd period - Stopped by Semyon Varlamov without a rebound.
13:52 of 3rd period - Tyler Seguin wins face-off versus Danton Heinen in SEATTLE GRUNGE zone.
14:08 of 3rd period - Icing by Roman Josi.
14:09 of 3rd period - Tyler Seguin wins face-off versus Erik Haula in SEATTLE GRUNGE zone.
14:40 of 3rd period - Shot by Jake Guentzel.
14:40 of 3rd period - Shot Blocked by Darnell Nurse.
14:56 of 3rd period - Icing by Tyler Seguin.
14:57 of 3rd period - Tyler Seguin wins face-off versus Danton Heinen in SEATTLE GRUNGE zone.
15:02 of 3rd period - Andrei Svechnikov is hit by Tyler Seguin and loses puck.
15:32 of 3rd period - Shot by Carl Hagelin.
15:32 of 3rd period - Stopped by Jake Kielly with a rebound.
15:49 of 3rd period - Shot by Damon Severson.
15:49 of 3rd period - Deflect By Josh Bailey.
15:49 of 3rd period - Shot Misses the Net.
15:51 of 3rd period - Shot by Josh Bailey.
15:51 of 3rd period - Shot Misses the Net.
16:18 of 3rd period - Off-side.
16:19 of 3rd period - Morgan Geekie wins face-off versus Kirby Dach in neutral zone.
16:30 of 3rd period - Icing by Trevor Lewis.
16:31 of 3rd period - Morgan Geekie wins face-off versus Calle Jarnkrok in SEATTLE GRUNGE zone.
16:31 of 3rd period - Morgan Geekie is hit by Calle Jarnkrok.
17:38 of 3rd period - Icing by Darnell Nurse.
17:39 of 3rd period - Tyler Seguin wins face-off versus Dominik Kahun in SAN FRANCISCO SPIDERS zone.
17:44 of 3rd period - Shot by Jake Guentzel.
17:44 of 3rd period - Shot Misses the Net.
18:20 of 3rd period - Shot by Kirby Dach.
18:20 of 3rd period - Shot Misses the Net.
18:22 of 3rd period - Shot by Tyler Myers.
18:22 of 3rd period - Shot Blocked by Travis Sanheim.
18:24 of 3rd period - Shot by Kirby Dach.
18:24 of 3rd period - Shot Misses the Net.
19:28 of 3rd period - Icing by Travis Sanheim.
19:29 of 3rd period - Tyler Seguin wins face-off versus Erik Haula in SEATTLE GRUNGE zone.
19:46 of 3rd period - Icing by Tyler Seguin.
19:47 of 3rd period - Tyler Seguin wins face-off versus Kirby Dach in SEATTLE GRUNGE zone.
Goals for this period are 0 for SEATTLE GRUNGE vs 1 for SAN FRANCISCO SPIDERS.
Shots for this period are 3 for SEATTLE GRUNGE vs 3 for SAN FRANCISCO SPIDERS.


AUSTON
MATTHEWS
JOEL
ERIKSSON
MATHEW
BARZAL

EAST COAST

HOCKEY LEAGUE

  • 21.PIT7MAN3
  • 22.ATL3NHW4
  • 23.WOR5PET4
  • 24.3RHI4
  • 25.QUECHI
  • 26.CHALIM
  • 27.TRVLON
  • 28.CHWBAL